 Dungeon Crawl Stone Soup version 0.28-a0-1159-g27aa881441 (console) character file.

Game seed: 11236375586498976461

189777 jejorda2 the Severer (level 17, -1/204 HPs)
             Began as a Palentonga Berserker on Dec 15, 2021.
             Was a High Priest of Trog.
             Slain by a spark wasp (16 damage)
             ... called by a spriggan druid
             ... on level 2 of the Swamp.
             The game lasted 02:22:43 (38849 turns).

jejorda2 the Severer (Palentonga Berserker)        Turns: 38849, Time: 02:22:44

Health: -1/204     AC: 43    Str: 30    XL:     17   Next: 52%
Magic:  17/17      EV:  5    Int:  9    God:    Trog [*****.]
Gold:   3020       SH: 18    Dex:  9    Spells: 16/16 levels left

rFire   + . .      SeeInvis +   a - +9 broad axe (flame)
rCold   + . .      Faith    +   Z - +1 tower shield {rPois}
rNeg    + . .      Spirit   .   O - +8 plate armour of Waekkac {rElec rF+ rN+ Str+2}
rPois   +          Reflect  .   U - +2 hat {Will+}
rElec   +          Harm     .   F - +2 cloak
rCorr   .          Rampage  .   s - +2 pair of gloves
Will    ++...                   G - +2 barding {Fly}
Stlth   ..........              T - amulet of faith
HPRegen 0.44/turn               (no ring)
MPRegen 0.15/turn               V - ring of protection from cold

@: berserking, flying, studying Shields, curled up, very quick
A: large, rugged brown scales 3, see invisible, deformed body, roll 1, armoured
tail, reflexive curl
}: 1/15 runes: serpentine
a: Rolling Charge, Renounce Religion, Berserk, Trog's Hand, Brothers in Arms


You were on level 2 of the Swamp.
You worshipped Trog.
Trog was extremely pleased with you.
You visited 5 branches of the dungeon, and saw 29 of its levels.
You also visited: Ossuary, Gauntlet and Volcano.

You collected 4348 gold pieces.
You spent 1328 gold pieces at shops.

Inventory:

Hand Weapons
 a - a +9 broad axe of flaming (weapon)
 b - a +3 antimagic war axe
Missiles
 f - 1080 stones
 h - 2 silver boomerangs
 j - 6 curare-tipped darts
 p - 34 boomerangs (quivered)
 B - 9 javelins
 C - 5 throwing nets
 I - 85 poisoned darts
 S - 4 silver javelins
Armour
 s - a +2 pair of gloves (worn)
 F - a +2 cloak (worn)
 G - a +2 barding of flying (worn)
 O - the +8 plate armour of Waekkac (worn) {rElec rF+ rN+ Str+2}
   (You took it off a minotaur in a Gauntlet)

   Str:       It affects your strength (+2).
   rF:        It protects you from fire.
   rElec:     It insulates you from electricity.
   rN:        It protects you from negative energy.
 U - a +2 hat of willpower (worn)
 Z - a +1 tower shield of poison resistance (worn)
Jewellery
 e - the ring "Xyug" {*Corrode Fly rC++ Dex+6 SInv}
   (You found it in a Gauntlet)

   [ring of dexterity]

   Dex:       It affects your dexterity (+6).
   rC:        It greatly protects you from cold.
   SInv:      It lets you see invisible.
   Fly:       It grants you flight.
   *Corrode:  It may corrode you when you take damage.
 T - an amulet of faith (around neck)
 V - a ring of protection from cold (right hand)
Wands
 v - a wand of acid (18)
 x - a wand of paralysis (18)
 A - a wand of flame (25)
 H - a wand of charming (27)
 M - a wand of digging (18)
 P - a wand of iceblast (16)
Scrolls
 g - 2 scrolls of holy word
 i - 5 scrolls of fog
 k - 2 scrolls of magic mapping
 o - 8 scrolls of blinking
 r - 2 scrolls of enchant armour
 y - 3 scrolls of teleportation
 E - 6 scrolls of immolation
 J - 4 scrolls of fear
 N - a scroll of silence
 Y - a scroll of summoning
Potions
 c - 14 potions of curing
 d - 5 potions of might
 l - 6 potions of heal wounds
 m - 2 potions of magic
 n - 7 potions of lignification
 q - 8 potions of invisibility
 t - a potion of resistance
 u - 3 potions of flight
 w - 2 potions of attraction
 z - 5 potions of haste
 L - a potion of ambrosia
 Q - a potion of cancellation
 R - 5 potions of mutation
Miscellaneous
 D - a lightning rod (4/4)


   Skills:
 - Level 10.0 Fighting
 - Level 16.7(18.0) Axes
 - Level 10.2(14.1) Polearms
 * Level 10.1 Throwing
 + Level 8.8 Armour
 - Level 6.0 Dodging
 - Level 15.0 Shields
 + Level 1.3 Evocations


You had 16 spell levels left.
You didn't know any spells.
Your spell library was empty.

Dungeon Overview and Level Annotations

Branches:
Dungeon (15/15)            Temple (0/1) D:4            Lair (6/6) D:9
  Swamp (2/4) Lair:3        Snake (4/4) Lair:4        Slime (0/5) Lair:5
    Orc (2/2) D:12            Elf (0/3) Orc:2        Vaults (0/5) D:14
 Depths (0/4) D:15        Ossuary (visited)         Volcano (visited)
Gauntlet (visited)

Altars:
Ashenzari
Cheibriados
Dithmenos
Fedhas
Kikubaaqudgha
Nemelex Xobeh
Qazlal
Sif Muna
Vehumet
Wu Jian
Xom
Yredelemnul
Zin
The Shining One
Beogh
Jiyva

Shops:
D:2 !   Orc:2 ?[?:   Snake:2 *:   Snake:3 *

Annotations:
D:4 exclusion: statue
Lair:5 1 runed translucent door
Lair:6 1 runed translucent door, Welulaimpe's ghost, journeyman DgEE


Innate Abilities, Weirdness & Mutations

You are completely covered in rugged brown scales. (AC +3, +7% HP)
You have supernaturally acute eyesight. (SInv)
Armour fits poorly on your strangely shaped body.
You can roll at nearby foes to attack.
You have a long armoured tail.
You curl defensively after being hit. (AC +7*)


Message History

You burn the bog body.
You destroy the bog body!
Trog accepts your kill.
Trog appreciates your killing of a magic user.
You hear an angry buzzing noise.
You slice the spriggan!! You burn the spriggan!
You kill the spriggan!
Trog accepts your kill.
Roll where?
Press: ? - help, Dir - move target, f - bunyip
Aim: a bunyip You roll forward with a clatter of scales!
You slice the bunyip!! You burn the bunyip.
The bunyip is moderately wounded.
You hear an angry buzzing noise.
The bunyip claws you!! You block the bunyip's attack.
The bunyip claws you but does no damage.
The bunyip howls a warning cry!
You slice the bunyip!! You burn the bunyip!
The bunyip is almost dead.
You hit the bunyip. You burn the bunyip.
Your tail-slap misses the bunyip.
The bunyip is lightly wounded.
You barely miss the bunyip. The bunyip claws you!!
* * * LOW HITPOINT WARNING * * *
You block the bunyip's attack. x2
A red film seems to cover your vision as you go berserk!
You feel yourself moving faster!
You feel mighty! The bunyip claws you!
* * * LOW HITPOINT WARNING * * *
You block the bunyip's attack. x2
You closely miss the bunyip.
The bunyip is almost dead.
You slash the bunyip! You burn the bunyip. You slash the bunyip!
You burn the bunyip.
You kill the bunyip!
Trog accepts your kill.
You hit the bunyip but do no damage. You slice the spark wasp!!
You burn the spark wasp.
The spark wasp is moderately wounded.
You hit the bunyip. You burn the bunyip. The spark wasp stings you!
You die...

).....♣.♣♣ ♣ ..≈≈...§.♣ ♣♣.
≈.≈≈§..F♣♣♣♣♣♣.♣ ≈≈..♣.
≈≈..≈≈...♣♣...≈. ≈...≈.
♣♣≈...≈!.xFi.♣≈§≈≈
♣..≈.?.♣≈♣♣♣♣≈.≈.≈.§.xF)♣♣§≈≈♣
♣♣....[...♣≈.....≈≈≈≈≈≈♣)♣..≈≈.
§...≈≈≈≈≈.≈≈≈†.≈♣≈≈≈♣§†[/.♣♣♣♣
♣.≈≈≈≈≈≈≈..♣≈@..≈≈≈.≈♣≈♣.♣♣ ♣ ♣
♣.≈≈≈≈≈≈≈≈)§xy..≈..≈§≈≈≈≈♣ ♣♣
.♣≈♣≈≈≈≈≈≈≈≈≈≈t)...≈≈≈.♣≈.≈≈. ♣♣.
.≈.≈≈≈≈≈≈≈≈≈≈≈.♣♣>.≈≈≈≈≈§.≈≈§.♣.≈
.♣.≈♣.≈..≈≈≈≈≈.♣ ≈...≈≈≈≈.§≈≈.♣..
♣......y>.≈≈≈.♣♣ ♣.≈≈...≈§≈≈.≈≈≈.
..≈≈≈......≈.♣♣ .♣≈≈.....#...≈.
.≈≈♣≈≈....≈♣♣♣ ≈≈.... ..§.
♣..≈♣...≈≈≈♣ ....# ?.≈.


You could see a bunyip (strong), an alligator and a spark wasp (strong).

Vanquished Creatures
  Vashnia (Snake:3)
  Asterion (Snake:1)
  A thorn hunter (Swamp:1)
  5 nagarajas
  A fenstrider witch (Swamp:1)
  Nessos (D:14)
  An eleionoma (Swamp:2)
  A minotaur (Gauntlet)
  3 bunyips
  Snorg (D:10)
  2 fire dragons (D:15)
  Harold (D:10)
  6 hydras
  10 naga warriors
  A ghost crab (Swamp:2)
  Erolcha (D:10)
  5 catoblepae
  3 boulder beetles
  3 ogre magi (Orc:2)
  2 centaur warriors
  3 two-headed ogres
  4 salamander tyrants (Snake:4)
  3 alligators
  17 death yaks
  6 anacondas
  An orc high priest (Orc:1)
  A tengu warrior (D:12)
  11 naga sharpshooters
  Urug (D:14)
  4 shock serpents
  Sonja (Orc:1)
  6 salamander mystics
  Nergalle (Orc:2)
  3 goliath frogs (Swamp:2)
  4 naga ritualists
  5 bog bodies
  5 spriggan druids
  2 swamp dragons (Swamp:2)
  5 mana vipers
  9 orc sorcerers (Orc:2)
  A wizard (Volcano)
  2 deep elf pyromancers
  A necromancer (Swamp:1)
  3 will-o-the-wisps (Swamp:1)
  11 ugly things
  10 cyclopes
  10 salamanders
  4 manticores
  A salamander (shapeshifter) (D:15)
  35 black mambas
  5 guardian serpents
  8 molten gargoyles
  5 naga magi
  9 elephants
  A torpor snail (Lair:2)
  3 gargoyles
  16 cane toads
  3 rime drakes
  An unseen horror (shapeshifter) (D:15)
  An unseen horror (D:10)
  16 komodo dragons
  4 trolls
  3 meliai (Gauntlet)
  A meliai (shapeshifter) (D:12)
  2 hornets
  4 tyrant leeches
  A polar bear (Lair:2)
  5 blink frogs (Lair:6)
  4 dream sheep (Lair:2)
  13 slime creatures
  3 wyverns
  A centaur simulacrum (Gauntlet)
  Sigmund (D:5)
  3 spriggans (Swamp:2)
  59 yaks
  3 basilisks
  A shadow (D:12)
  A fire elemental (D:15)
  13 humans (D:14)
  10 vampire mosquitoes
  3 steam dragons
  2 wargs (Orc:2)
  An acid dragon (D:13)
  38 nagas
  14 water moccasins
  2 swamp worms (Swamp:1)
  A hydra simulacrum (Gauntlet)
  An ice beast (D:7)
  A sky beast (D:7)
  3 black bears
  12 orc warriors
  A necrophage (D:6)
  A hornet zombie (D:8)
  11 ogres
  6 centaurs
  16 wolves
  13 bullfrogs
  3 kobold brigands
  8 gnoll sergeants
  A wyvern zombie (D:6)
  A scorpion (D:4)
  4 killer bees (D:9)
  4 electric eels
  9 centaur zombies
  2 jellies (D:6)
  Crazy Yiuf (D:5)
  6 hounds
  2 centaur skeletons
  14 iguanas
  9 orc priests
  A bullfrog skeleton (D:5)
  29 orc wizards
  8 hell rats
  A killer bee zombie (D:7)
  The ghost of spaghetti the Sneak, a weakling OpDe (D:5)
  A hound zombie (Ossuary)
  2 hound skeletons
  3 mummies (Ossuary)
  2 howler monkey zombies
  7 adders
  14 gnolls
  A white imp (D:6)
  An adder skeleton (D:4)
  5 adder zombies (Ossuary)
  2 worms (D:2)
  3 dart slugs
  63 orcs
  8 bats
  4 endoplasms
  2 giant cockroaches
  4 goblins
  3 hobgoblins
  15 kobolds
  4 quokkas
  4 ball pythons
  19 frilled lizards
  A gnoll zombie (Ossuary)
  7 goblin zombies
  5 hobgoblin zombies (Ossuary)
  2 jackal zombies (Ossuary)
  2 kobold zombies (Ossuary)
  2 orc zombies (Ossuary)
  5 quokka zombies (Ossuary)
  3 rats
  3 rat zombies (Ossuary)
  6 briar patches (Swamp:1)
853 creatures vanquished.

Vanquished Creatures (collateral kills)
  Rupert (D:14)
  2 nagarajas (Snake:4)
  A salamander tyrant (Snake:4)
  A centaur warrior (D:14)
  3 naga sharpshooters (Snake:3)
  A salamander mystic (Volcano)
  3 ugly things (D:14)
  A black mamba (Snake:3)
  A troll (D:12)
  2 centaur simulacra (Gauntlet)
  3 humans (D:14)
  4 nagas (Snake:4)
  An orc warrior (D:12)
  2 kobold brigands (D:12)
  A gnoll sergeant (D:12)
  3 orcs
30 creatures vanquished.

Vanquished Creatures (others)
  A spriggan druid (Swamp:2)
  A bloated husk (Swamp:2)
  A vampire mosquito (Swamp:2)
  2 briar patches (Swamp:1)
  6 foxfires (Swamp:1)
  25 fungi
  55 plants
  A withered plant (Gauntlet)
92 creatures vanquished.

Grand Total: 975 creatures vanquished

Notes
Turn   | Place    | Note
-------+----------+-------------------------------------------
     0 | D:1      | jejorda2 the Palentonga Berserker began the quest for the
                  | Orb.
     0 | D:1      | Reached XP level 1. HP: 19/19 MP: 1/1
   245 | D:1      | Reached XP level 2. HP: 23/24 MP: 2/2
   696 | D:1      | Found a faded altar of an unknown god.
  1201 | D:2      | Reached XP level 3. HP: 28/31 MP: 3/3
  1345 | D:2      | Reached ** piety under Trog
  1401 | D:2      | Found Asiuppo's Distillery.
  1418 | D:2      | Bought a potion of curing for 39 gold pieces
  1589 | D:2      | Reached skill level 4 in Axes
  1912 | D:3      | Found a shadowy altar of Dithmenos.
  1922 | D:3      | Reached XP level 4. HP: 39/39 MP: 4/4
  2090 | D:4      | Found a staircase to the Ecumenical Temple.
  2272 | D:4      | Reached XP level 5. HP: 35/44 MP: 5/5
  2442 | D:4      | Noticed an ogre
  2459 | D:4      | Killed an ogre
  2460 | D:4      | Reached skill level 5 in Axes
  2460 | D:4      | Reached XP level 6. HP: 51/51 MP: 6/6
  2928 | D:4      | Found a radiant altar of Vehumet.
  3045 | D:4      | Found a blossoming altar of Fedhas.
  3131 | D:5      | Entered Level 5 of the Dungeon
  3243 | D:5      | Noticed Sigmund
  3247 | D:5      | Killed Sigmund
  3248 | D:5      | Reached skill level 6 in Axes
  3248 | D:5      | Gained mutation: You curl defensively after being hit. (AC
                  | +7*) [Palentonga growth]
  3248 | D:5      | Reached XP level 7. HP: 57/58 MP: 7/7
  3392 | D:5      | Found a stormy altar of Qazlal.
  3602 | D:5      | Reached skill level 5 in Fighting
  3814 | D:5      | Found a runed translucent door.
  3815 | D:5      | Noticed Crazy Yiuf
  3820 | D:5      | Killed Crazy Yiuf
  3952 | D:5      | Found a broken altar of Ashenzari.
  4060 | D:5      | Reached skill level 1 in Shields
  4144 | D:5      | Reached skill level 7 in Axes
  4333 | D:5      | Reached XP level 8. HP: 47/66 MP: 8/8
  4336 | D:5      | Identified the +6 trident "Xaakys" {elec, Stlth+}
  4512 | D:5      | Found a runed translucent door.
  4512 | D:5      | Noticed spaghetti's ghost (weakling OpDe)
  4512 | D:5      | Noticed a two-headed ogre
  4563 | D:5      | Found a glowing silver altar of Zin.
  4748 | D:5      | Killed a two-headed ogre
  4749 | D:5      | Reached skill level 8 in Axes
  4750 | D:5      | Killed spaghetti's ghost
  4966 | D:6      | Reached skill level 1 in Polearms
  5443 | D:6      | Reached XP level 9. HP: 73/73 MP: 9/9
  5534 | D:6      | Reached skill level 5 in Armour
  5665 | D:7      | Found a basalt altar of Yredelemnul.
  5682 | D:7      | Identified 2 scrolls of acquirement
  5682 | D:7      | Acquired a +2 barding of fire resistance
  5688 | D:7      | Acquired 1028 gold pieces
  5966 | D:7      | Reached skill level 9 in Axes
  6203 | D:7      | Reached *** piety under Trog
  6407 | D:7      | Found a shimmering altar of Xom.
  6413 | D:7      | Found a glowing golden altar of the Shining One.
  6613 | D:8      | Reached skill level 10 in Axes
  6734 | D:8      | Found a sand-covered staircase.
  6751 | Ossuary  | Entered an ossuary
  6880 | Ossuary  | Reached **** piety under Trog
  7054 | D:8      | Reached XP level 10. HP: 78/81 MP: 10/10
  7357 | D:8      | Reached skill level 5 in Polearms
  8314 | D:2      | Bought a potion of haste for 130 gold pieces
  8314 | D:2      | Bought a potion of degeneration for 13 gold pieces
  8647 | D:9      | Found a staircase to the Lair.
  9033 | D:9      | Found a sparkling altar of Nemelex Xobeh.
  9033 | D:9      | Found a snail-covered altar of Cheibriados.
  9132 | D:9      | Reached ***** piety under Trog
  9133 | D:9      | Reached skill level 11 in Axes
  9453 | D:10     | Entered Level 10 of the Dungeon
  9453 | D:10     | Noticed Harold
  9457 | D:10     | Noticed Erolcha
  9469 | D:10     | Killed Harold
  9473 | D:10     | Killed Erolcha
  9666 | D:10     | Noticed Snorg
  9676 | D:10     | Killed Snorg
  9775 | D:10     | Reached XP level 11. HP: 73/86 MP: 11/11
  9893 | D:10     | Found an ornate altar of the Wu Jian Council.
  9909 | D:10     | Reached skill level 12 in Axes
 10516 | D:10     | Found a shimmering blue altar of Sif Muna.
 12207 | D:12     | Reached skill level 13 in Axes
 12393 | D:12     | Noticed a deep elf pyromancer
 12398 | D:12     | Killed a deep elf pyromancer
 12522 | D:12     | Found a staircase to the Orcish Mines.
 12633 | D:12     | Noticed a brown ugly thing
 12644 | D:12     | Killed a brown ugly thing
 12658 | D:12     | Reached XP level 12. HP: 83/94 MP: 12/12
 12672 | D:12     | Reached skill level 10 in Polearms
 13065 | D:12     | Noticed a tengu warrior
 13080 | D:12     | Killed a tengu warrior
 13278 | Lair:1   | Entered Level 1 of the Lair of Beasts
 13477 | Lair:1   | Reached skill level 14 in Axes
 13973 | Lair:1   | You fall into a shaft and drop 1 floor!
 14011 | Lair:2   | Found a dark tunnel.
 14057 | Volcano  | Entered a volcano
 14355 | Volcano  | Reached skill level 5 in Dodging
 14379 | Volcano  | Reached skill level 15 in Axes
 14446 | Volcano  | Noticed an orb of fire
 14475 | Volcano  | Noticed an orb of fire
 15277 | Lair:1   | Identified the +5 trident of Fullyur {elec, Dex+2}
 15719 | Lair:2   | Reached XP level 13. HP: 99/99 MP: 13/13
 16005 | Lair:2   | Reached skill level 16 in Axes
 16821 | Lair:3   | Found a staircase to the Swamp.
 19051 | Lair:4   | Found a staircase to the Snake Pit.
 19121 | Lair:4   | Reached skill level 5 in Shields
 20548 | Lair:5   | Found a gate leading to a gauntlet.
 20582 | Gauntlet | Entered a Gauntlet
 20582 | Gauntlet | Found a transporter.
 20732 | Gauntlet | Found a transporter.
 20749 | Gauntlet | Found a transporter.
 20752 | Gauntlet | Found a transporter.
 20772 | Gauntlet | Found a transporter.
 20785 | Gauntlet | Found a transporter.
 20790 | Gauntlet | Found a transporter.
 20794 | Gauntlet | Found a transporter.
 20817 | Gauntlet | Found a transporter.
 20825 | Gauntlet | Found a transporter.
 20825 | Gauntlet | Found a transporter.
 20833 | Gauntlet | Found a transporter.
 20936 | Gauntlet | Identified the ring "Xyug" {*Corrode Fly rC++ Dex+6 SInv}
 21204 | Gauntlet | Identified the +0 pair of boots "Zygoplar" {Str+3 Int+3
                  | Dex-3}
 21217 | Gauntlet | Identified the +9 war axe "Gasaupn" {venom, Will+ Str+4}
 21217 | Gauntlet | Identified the +8 plate armour of Waekkac {rElec rF+ rN+
                  | Str+2}
 21217 | Gauntlet | Noticed a minotaur
 21237 | Gauntlet | Killed a minotaur
 21593 | Lair:5   | Reached XP level 14. HP: 107/111 MP: 14/14
 21648 | Lair:5   | Identified the ring "Vooleg" {rElec rPois rC- rN++ Will+
                  | Str-3}
 21831 | Lair:5   | Found a runed translucent door.
 21855 | Lair:5   | Found a viscous altar of Jiyva.
 21855 | Lair:5   | Found a staircase to the Slime Pits.
 21855 | Lair:5   | Noticed an acid blob
 21856 | Lair:5   | Noticed an acid blob
 22362 | Lair:6   | Entered Level 6 of the Lair of Beasts
 23053 | Lair:6   | Received a gift from Trog
 23977 | Lair:6   | Reached skill level 10 in Shields
 24110 | Lair:6   | Found a runed translucent door.
 24110 | Lair:6   | Found a shimmering altar of Xom.
 24110 | Lair:6   | Noticed Welulaimpe's ghost (journeyman DgEE)
 24111 | Lair:6   | Identified the +5 broad axe of Eternal Harmony {chaos,
                  | Contam Str+2 Int+2}
 24510 | D:13     | Reached skill level 10 in Fighting
 25177 | D:13     | Identified the +2 leather armour of the Journeyman {Drain
                  | Will+ SInv Stlth+}
 25325 | D:14     | Reached XP level 15. HP: 119/123 MP: 15/15
 25352 | D:14     | Found a shimmering altar of Xom.
 25781 | D:14     | Noticed Nessos
 25788 | D:14     | Killed Nessos
 25790 | D:14     | Noticed Urug
 25792 | D:14     | Noticed Rupert
 25837 | D:14     | Killed Rupert
 25865 | D:14     | Killed Urug
 26025 | D:14     | Found a gate to the Vaults.
 26786 | D:15     | Entered Level 15 of the Dungeon
 26929 | D:15     | Found a staircase to the Depths.
 27391 | Orc:1    | Entered Level 1 of the Orcish Mines
 27482 | Orc:1    | Noticed Sonja
 27497 | Orc:1    | Killed Sonja
 28688 | Orc:2    | Entered Level 2 of the Orcish Mines
 28716 | Orc:2    | Reached skill level 1 in Throwing
 28837 | Orc:2    | Found a staircase to the Elven Halls.
 29403 | Orc:2    | Found a radiant altar of Vehumet.
 29471 | Orc:2    | Found Kaludak's Book Emporium.
 29471 | Orc:2    | Noticed Nergalle
 29503 | Orc:2    | Killed Nergalle
 29589 | Orc:2    | Found an ancient bone altar of Kikubaaqudgha.
 29660 | Orc:2    | Found Uhiaty's Magic Scroll Shoppe.
 29666 | Orc:2    | Found Roroleseihu's Magic Scroll Shoppe.
 29717 | Orc:2    | Found Emnuenwa's Antique Armour Emporium.
 30232 | Orc:2    | Bought a manual of Shields for 1120 gold pieces
 30249 | Orc:2    | Bought a scroll of identify for 26 gold pieces
 30560 | Snake:1  | Entered Level 1 of the Snake Pit
 30939 | Snake:1  | Reached XP level 16. HP: 130/130 MP: 16/16
 31583 | Snake:1  | Noticed Asterion
 31593 | Snake:1  | Killed Asterion
 32053 | Snake:2  | Reached skill level 15 in Shields
 32959 | Snake:2  | Reached skill level 5 in Throwing
 33023 | Snake:2  | Received a gift from Trog
 33120 | Snake:2  | Found Suomp's Book Boutique.
 33120 | Snake:2  | Found Banniwy's General Store.
 33386 | Snake:3  | Found Ecoen's Assorted Antiques.
 33706 | Snake:3  | Noticed Vashnia
 34152 | Snake:3  | Killed Vashnia
 35140 | Snake:4  | Entered Level 4 of the Snake Pit
 35932 | Snake:4  | Received a gift from Trog
 35940 | Snake:4  | Reached XP level 17. HP: 34/136 MP: 17/17
 36877 | Snake:4  | Got a serpentine rune of Zot
 37331 | Swamp:1  | Entered Level 1 of the Swamp
 38657 | Swamp:2  | Received a gift from Trog
 38723 | Swamp:2  | Reached skill level 10 in Throwing
 38841 | Swamp:2  | Reached skill level 1 in Evocations
 38849 | Swamp:2  | Slain by a spark wasp

Illustrated notes

Levels and vault maps discovered:
D:1:      amcnicky_arrival_single_pillar, layout_basic,
          hellmonk_ecumenical_altar_slurped_away
D:2:      layout_rooms, serial_shops, nicolae_shop_waterfront, kennysheep_potato
D:3:      layout_rooms, nicolae_dithmenos_the_darkroom
D:4:      layout_loops_ring, fedhas_altar_4, vehumet_statue,
          minmay_temple_entry_mini_moons
D:5:      layout_loops_corners, nicolae_overflow_hidden_temple,
          old_standard_altar, amcnicky_altar_gilded, ebering_ghost_inner_flame,
          uniq_crazy_yiuf_cottage, uniq_sigmund
D:6:      layout_basic
D:7:      minmay_bubble_buster, layout_rooms, grunt_temple_overflow_open
D:8:      kennysheep_steamy, layout_basic, enter_ossuary_4
D:9:      layout_roguey, gammafunk_temple_overflow_elements, lair_entry_dummy,
          serial_bayou, serial_bayou_shore_b, serial_bayou_shore_a,
          serial_bayou_shore_b, serial_bayou_crossing
D:10:     layout_irregular_city, nicolae_overflow_crystal_walls,
          mainiacjoe_overflow_catwalk, chequers_serial_rivers_marsh,
          uniq_erolcha, uniq_snorg, uniq_harold
D:11:     layout_big_octagon, minivault_8
D:12:     layout_basic, kennysheep_orc_monster_closet_entryway
D:13:     layout_roguey
D:14:     layout_basic, david_vaults_3, patterned_corridor, tgw_xom
D:15:     grunt_enter_depths_hoard, layout_rooms, chequers_garden,
          nicolae_lava_and_water, minivault_25
Lair:1:   layout_roguey, st_stairs_5
Lair:2:   layout_small_grid, nicolae_volcano_entry_two_sided, minmay_holes,
          eino_small_chamber_without_monster, fungi_pond_lemuel
Lair:3:   lemuel_reptile_caves, layout_chaotic_city, skrybe_swamp_entry_bodies
Lair:4:   nzn_winding_woodlands_cross [nzn_winding_woodlands_5x15_longhouse,
          nzn_winding_woodlands_5x15_crooked,
          nzn_winding_woodlands_5x15_split_checker,
          nzn_winding_woodlands_5x15_lazy_stream,
          nzn_winding_woodlands_15x15_eel_pit], layout_cave_pods,
          guppyfry_snake_entry_garden, chequers_serial_rivers_micro_c,
          chequers_serial_rivers_small_a, nicolae_quartered_pool_impasse
Lair:5:   layout_gridlike, slime_altar_2, gauntlet_entry_generic,
          lemuel_fruit_tree
Lair:6:   evilmike_catoblepas_cave, layout_cave_pods, ebering_ghost_xom,
          lemuel_fruit_fields
Swamp:1:  nicolae_swamp_standing_stones, layout_basic_swamp,
          evilmike_swamp_ruin_house_6
Swamp:2:  layout_falls_marsh, hangedman_swamp_ruin_wall, swamp_pool1,
          nicolae_swamp_catching_bugs, infiniplex_staircase_pool
Snake:1:  layout_onion, uniq_asterion
Snake:2:  layout_misc_corridors, minmay_shoptagon, serial_bayou_shore_b
Snake:3:  nrook_guardian_serpent_snake_passage, layout_onion, serial_shops,
          shop, uniq_vashnia
Snake:4:  minmay_snake_end_coiled, layout_gridlike
Orc:1:    layout_diamond_mine, minmay_orc_temple_b, uniq_sonja
Orc:2:    kennysheep_orc_mage_school, layout_diamond_mine, nicolae_orc_lava_tube

Skill      XL: |  1  2  3  4  5  6  7  8  9 10 11 12 13 14 15 16 17 |
---------------+----------------------------------------------------+-----
Armour         | 2 3 4 6 7 8 |  8.8
Axes           | 4 5 6 7 8 10 11 13 15 16 | 16.7
Fighting       | 4 5 6 7 10 | 10.0
Shields        | 1 2 7 10 14 15 | 15.0
Polearms       | 1 4 7 9 10 | 10.2
Dodging        | 3 5 6 |  6.0
Throwing       | 3 8 10 | 10.1
Evocations     | 1 |  1.3

Action                   |  1- 3 |  4- 6 |  7- 9 | 10-12 | 13-15 | 16-18 || total
-------------------------+-------+-------+-------+-------+-------+-------++-------
Melee: Hand axe          |    99 |    90 |    73 |       |       |       ||   262
       Tailslap          |    12 |    12 |    46 |    81 |   233 |    82 ||   466
       Trident           |       |       |   212 |   457 |  1054 |       ||  1723
       War axe           |       |       |    23 |    85 |   133 |    19 ||   260
       Broad axe         |       |       |       |       |   253 |   571 ||   824
Throw: Stone             |       |       |     2 |       |       |       ||     2
       Dart              |       |       |       |     3 |     2 |       ||     5
       Boomerang         |       |       |       |       |    19 |     1 ||    20
Invok: Berserk           |     3 |     2 |     8 |    13 |    20 |    11 ||    57
       Trog's Hand       |     1 |     2 |     1 |     5 |     6 |     7 ||    22
       Brothers in Arms  |       |       |       |     2 |     4 |     3 ||     9
 Abil: Rolling Charge    |    34 |    14 |    37 |    50 |   137 |    98 ||   370
Evoke: Wand              |       |       |       |       |     2 |       ||     2
  Use: Scroll            |       |     3 |    12 |    10 |    13 |     4 ||    42
       Potion            |       |       |       |     1 |     1 |     2 ||     4
 Stab: Sleeping          |       |       |     4 |     1 |     3 |       ||     8
       Distracted        |       |       |       |       |     2 |       ||     2
Armor: Animal skin       |    11 |       |       |       |       |       ||    11
       Ring mail         |     9 |    39 |     6 |       |       |       ||    54
       Leather armour    |     4 |       |    62 |   231 |   125 |       ||   422
       Scale mail        |       |       |    55 |       |       |       ||    55
       Plate armour      |       |       |       |       |   384 |   276 ||   660
Dodge: Dodged            |    34 |    43 |    92 |   110 |   164 |    42 ||   485
Block: Buckler           |       |       |    16 |    73 |    55 |       ||   144
       Kite shield       |       |       |       |       |   226 |       ||   226
       Tower shield      |       |       |       |       |   121 |   428 ||   549

Table legend: (Time is in decaauts)
 A = Elapsed time spent in this place.
 B = Non-inter-level travel time spent in this place.
 C = Inter-level travel time spent in this place.
 D = Time resting spent in this place.
 E = Time spent auto-exploring this place.
 F = Levels seen in this place.
 G = Mean time per level.
                   A        B        C        D        E       F      G
               +--------+--------+--------+--------+--------+-----+--------+
         Total |  38741 |  35678 |   3063 |   4488 |  25459 |  32 | 1210.7 |
       Dungeon |  16561 |  14877 |   1684 |   1618 |  10988 |  15 | 1104.1 |
          Lair |   9983 |   9316 |    667 |   1459 |   6518 |   6 | 1663.8 |
         Swamp |   1488 |   1446 |     42 |    104 |   1119 |   2 |  744.0 |
     Snake Pit |   6425 |   6085 |    340 |    645 |   4516 |   4 | 1606.2 |
  Orcish Mines |   2443 |   2115 |    328 |    127 |   1501 |   2 | 1221.5 |
       Ossuary |    239 |    239 |      0 |      0 |    129 |   1 |  239.0 |
       Volcano |    643 |    643 |      0 |    302 |    139 |   1 |  643.0 |
      Gauntlet |    954 |    954 |      0 |    230 |    548 |   1 |  954.0 |
               +--------+--------+--------+--------+--------+-----+--------+

Top non-repeatable levels by time:
  Lair:4: 2215 daAuts
  Lair:3: 2137 daAuts
 Snake:2: 1870 daAuts
  Lair:6: 1832 daAuts
     D:5: 1765 daAuts
   Orc:2: 1589 daAuts
 Snake:1: 1575 daAuts
 Snake:4: 1547 daAuts
  Lair:1: 1502 daAuts
     D:8: 1500 daAuts
    D:14: 1447 daAuts
 Snake:3: 1432 daAuts
    D:10: 1391 daAuts
  Lair:2: 1337 daAuts
    D:12: 1311 daAuts
